 Dungeon Crawl Stone Soup version 0.20.1-1-g8b1a95d (webtiles) character file.

3878 clownsuit the Protected (level 10, 0/86 HPs)
             Began as a Minotaur Berserker on Sept 24, 2017.
             Was an Elder of Trog.
             Slain by a troll (4 damage)
             ... on level 8 of the Dungeon on Sept 25, 2017.
             The game lasted 01:03:20 (9343 turns).

clownsuit the Protected (Minotaur Berserker)        Turns: 9343, Time: 01:03:20

Health: 0/86       AC: 12    Str: 23    XL:     10   Next: 0%
Magic:  12/12      EV:  8    Int:  5    God:    Trog [****..]
Gold:   577        SH: 10    Dex: 11    Spells: 9/9 levels left

rFire    . . .     SeeInvis .   E - +2 spear
rCold    + . .     Gourm    .   P - +0 shield
rNeg     + . .     Faith    .   R - +0 chain mail
rPois    .         Spirit   .   (helmet restricted)
rElec    .         Reflect  .   (no cloak)
rCorr    .         Harm     .   (no gloves)
MR       .....                  v - +0 pair of boots
Stlth    ..........             (no amulet)
Regen    0.3/turn               p - ring of positive energy
MPRegen  0.2/turn               j - ring of protection from cold

@: berserk cooldown, slowed, very slow
A: retaliatory headbutt, horns 2
a: Berserk, Trog's Hand, Brothers in Arms, Burn Spellbooks, Renounce Religion


You were on level 8 of the Dungeon.
You worshipped Trog.
Trog was greatly pleased with you.
You were not hungry.

You visited 2 branches of the dungeon, and saw 9 of its levels.
You also visited: Ossuary.

You collected 631 gold pieces.
You spent 54 gold pieces at shops.

Inventory:

Hand Weapons
 a - a +0 mace
 d - a +0 scimitar
 k - a +0 hunting sling
 E - a +2 spear (weapon)
Missiles
 f - 9 tomahawks
 m - 4 javelins (quivered)
 y - 33 bolts
Armour
 b - a +0 animal skin
 e - a +0 ring mail
 v - a +0 pair of boots (worn)
 G - the +0 robe of the New World {*Slow Str+4 SInv Stlth+, unknown}
   (You found it on level 8 of the Dungeon)

   It affects your strength (+4).
   It lets you see invisible.
   It may slow you when you take damage.
   It makes you more stealthy.
 P - a +0 shield (worn)
 R - a +0 chain mail (worn)
Jewellery
 j - a ring of protection from cold (right hand)
 p - a ring of positive energy (left hand)
 M - a +2 ring of dexterity {unknown}
Wands
 g - a wand of lightning (12/15)
 o - a wand of confusion (16/48)
 z - a wand of scattershot (4/9)
 C - a wand of confusion (30/48)
 D - a wand of paralysis (10/24)
 T - a wand of lightning (6/15)
Scrolls
 h - a scroll of fear {unknown}
 q - 3 scrolls of amnesia {unknown}
 r - a scroll of vulnerability {unknown}
 s - 3 scrolls of teleportation
 x - 2 scrolls of enchant armour {unknown}
 A - 2 scrolls of fog {unknown}
 B - 2 scrolls of magic mapping {unknown}
 K - a scroll of blinking {unknown}
 L - 6 scrolls of remove curse
Potions
 l - 2 potions of ambrosia {unknown}
 u - 2 potions of agility {unknown}
 w - 3 potions of might {unknown}
 F - a potion of lignification {unknown}
 J - 3 potions of cancellation {unknown}
 N - a potion of degeneration {unknown}
 V - 3 potions of mutation {unknown}
 W - a potion of flight {unknown}
 X - a potion of invisibility {unknown}
 Y - 3 potions of curing
 Z - a potion of heal wounds {unknown}
Books
 n - a book of Cantrips

   Spells                             Type                      Level
   a - Confusing Touch                Hexes                        1
   b - Animate Skeleton               Necromancy                   1
   c - Summon Small Mammal            Summoning                    1
   d - Apportation                    Translocation                1
   Trog disapproves of the use of such an item.
Comestibles
 c - 6 bread rations
 i - a royal jelly
 t - 5 meat rations
 H - 3 chunks of flesh


   Skills:
 - Level 7.2 Fighting
 - Level 4.4 Long Blades
 - Level 7.2 Maces & Flails
 * Level 6.3 Polearms
 - Level 1.5(2.3) Slings
 - Level 2.4(2.6) Throwing
 - Level 8.3 Armour
 - Level 4.0 Dodging
 * Level 5.1 Shields
 - Level 4.0 Evocations


You had 9 spell levels left.
You didn't know any spells.

Dungeon Overview and Level Annotations

Branches:
Dungeon (8/15)             Temple (1/1) D:6            Lair (0/6) D:8

Altars:
Ashenzari
Cheibriados
Dithmenos
Elyvilon
Fedhas
Gozag
Hepliaklqana
Kikubaaqudgha
Makhleb
Nemelex Xobeh
Okawaru
Qazlal
Ru
Sif Muna
Trog
Uskayaw
Vehumet
Xom
Yredelemnul
Zin
The Shining One

Shops:
D:7 [

Annotations:
D:8 Elyvilon Altar


Innate Abilities, Weirdness & Mutations

You reflexively headbutt those who attack you in melee.
You have a pair of horns on your head.


Message History

The bolt of electricity hits the electric eel.
The electric eel completely resists.
The bolt of electricity hits you!
The electric eel shoots out a bolt of lightning at you!
The bolt of electricity hits you! x2
The electric eel shoots out a bolt of lightning at you!
The bolt of electricity hits you! x2
The electric eel shoots out a bolt of lightning at you!
The bolt of electricity misses you. The bolt of electricity hits you!
* * * LOW HITPOINT WARNING * * *
The electric eel shoots out a bolt of lightning at you!
The bolt of electricity hits you!
* * * LOW HITPOINT WARNING * * *
The bolt of electricity hits you!
* * * LOW HITPOINT WARNING * * *
The electric eel shoots out a bolt of lightning at you!
The bolt of electricity hits you!
* * * LOW HITPOINT WARNING * * *
You fail to use your ability.
The troll bites you.
You die...

#..≈≈.≈≈≈;......#
#...≈≈.≈.T......#
#........;......####
#...........).T.....
#....#.###))######
####...# #.##
#....#.###.#
#T#####....# #@#
####+# #...# ##.##
#. .. ... #.. ##.


You could see a troll.

Vanquished Creatures
  A two-headed ogre (D:4)
  A spriggan (D:8)
  2 sky beasts
  A black bear (D:8)
  Purgy (D:3)
  2 ogres (D:7)
  A phantom (D:5)
  2 ice beasts
  4 wolves (D:8)
  A centaur (D:6)
  The ghost of Alphaeus the Shield-Bearer, an amateur GrFi (D:3)
  8 bullfrogs
  3 scorpions
  3 wights (D:6)
  A howler monkey (D:4)
  A crimson imp (D:6)
  A quasit (D:5)
  A centaur zombie (D:5)
  A jelly (D:8)
  2 hounds
  4 orc priests
  A centaur skeleton (D:7)
  Jessica (D:3)
  3 iguanas
  A worker ant (D:5)
  5 orc wizards
  A killer bee zombie (D:8)
  A hound zombie (D:5)
  8 mummies (Ossuary)
  8 adders
  2 adder skeletons
  3 worms (D:3)
  A dart slug (D:2)
  6 leopard geckos
  32 orcs
  8 giant cockroaches
  9 goblins
  7 hobgoblins
  18 jackals
  4 quokkas
  7 bats
  8 frilled lizards
  3 hobgoblin zombies (Ossuary)
  12 kobolds
  2 kobold zombies (Ossuary)
  3 orc zombies (Ossuary)
  7 rats
203 creatures vanquished.

Notes
Turn   | Place    | Note
-------+----------+-------------------------------------------
     0 | D:1      | clownsuit the Minotaur Berserker began the quest for the Orb.
     0 | D:1      | Reached XP level 1. HP: 19/19 MP: 0/0
   147 | D:1      | Reached XP level 2. HP: 24/27 MP: 1/1
   854 | D:1      | Reached skill level 3 in Armour
   943 | D:2      | Reached XP level 3. HP: 33/33 MP: 2/2
   948 | D:2      | Reached ** piety under Trog
  1151 | D:2      | Reached skill level 1 in Throwing
  1557 | D:3      | Noticed Alphaeus's ghost (amateur GrFi)
  1567 | D:3      | Killed Alphaeus's ghost
  1567 | D:3      | Reached skill level 1 in Slings
  1567 | D:3      | Reached XP level 4. HP: 40/40 MP: 3/3
  1617 | D:3      | Found a transporter.
  1676 | D:3      | Reached XP level 5. HP: 46/46 MP: 4/4
  1727 | D:3      | Found a transporter.
  2029 | D:3      | Noticed Purgy
  2048 | D:3      | Killed Purgy
  2048 | D:3      | Reached XP level 6. HP: 37/53 MP: 5/5
  2254 | D:3      | Reached skill level 5 in Maces & Flails
  2434 | D:3      | Reached *** piety under Trog
  2441 | D:3      | Reached skill level 4 in Armour
  2443 | D:3      | Noticed Jessica
  2457 | D:3      | Killed Jessica
  2576 | D:3      | Reached skill level 5 in Fighting
  3181 | D:4      | Reached skill level 1 in Evocations
  3183 | D:4      | Reached XP level 7. HP: 61/61 MP: 5/7
  3490 | D:4      | Reached skill level 5 in Armour
  3739 | D:4      | Noticed a two-headed ogre
  3753 | D:4      | Killed a two-headed ogre
  3753 | D:4      | Reached skill level 7 in Armour
  3753 | D:4      | Reached XP level 8. HP: 6/68 MP: 7/9
  4180 | D:5      | Entered Level 5 of the Dungeon
  4189 | D:5      | Reached skill level 8 in Armour
  4354 | D:5      | Found a sand-covered staircase.
  4359 | Ossuary  | Entered an ossuary
  4814 | D:5      | Found a sparkling altar of Nemelex Xobeh.
  5334 | D:5      | Found a shadowy altar of Dithmenos.
  5901 | D:6      | Found a staircase to the Ecumenical Temple.
  5926 | Temple   | Entered the Ecumenical Temple
  6392 | D:6      | Found a hide-covered altar of Uskayaw.
  6395 | D:6      | Noticed a dagger
  6395 | D:6      | Noticed an enchanted dagger
  6680 | D:6      | Reached skill level 1 in Long Blades
  6680 | D:6      | Reached XP level 9. HP: 78/78 MP: 11/11
  6974 | D:6      | Found a blossoming altar of Fedhas.
  7408 | D:6      | You fall through a shaft!
  7417 | D:7      | Reached skill level 1 in Shields
  7474 | D:7      | Reached skill level 1 in Polearms
  7791 | D:7      | Reached **** piety under Trog
  7811 | D:7      | Found Wyxkow's Armour Emporium.
  7822 | D:7      | Bought a +0 pair of boots for 54 gold pieces
  8384 | D:8      | Found a white marble altar of Elyvilon.
  8720 | D:8      | Reached skill level 5 in Polearms
  8889 | D:8      | Got a creamy pearl robe
  9058 | D:8      | Reached skill level 5 in Shields
  9257 | D:8      | Found a staircase to the Lair.
  9326 | D:8      | Reached XP level 10. HP: 86/86 MP: 12/12
  9338 | D:8      | HP: 3/86 [electric eel/bolt of electricity (7)]
  9343 | D:8      | Slain by a troll

Skill      XL: |  1  2  3  4  5  6  7  8  9 |
---------------+----------------------------+-----
Maces & Flails | 4 5 7 |  7.2
Armour         | 3 4 7 8 |  8.3
Fighting       | 4 5 6 7 |  7.2
Throwing       | 2 |  2.4
Slings         | 1 |  1.5
Dodging        | 3 4 |  4.0
Evocations     | 1 3 4 |  4.0
Long Blades    | 1 4 |  4.4
Shields        | 5 |  5.1
Polearms       | 6 |  6.3

Action                   |  1- 3 |  4- 6 |  7- 9 | 10-12 || total
-------------------------+-------+-------+-------+-------++-------
Melee: Mace              |    93 |   114 |   162 |       ||   369
       Headbutt          |    11 |    15 |    85 |       ||   111
       Scimitar          |       |       |    43 |       ||    43
       Spear             |       |       |   166 |       ||   166
 Fire: Hunting sling     |     9 |       |       |       ||     9
Throw: Javelin           |     5 |     6 |     7 |       ||    18
Invok: Berserk           |     1 |     3 |     9 |       ||    13
       Trog's Hand       |       |     4 |     8 |       ||    12
  Use: Scroll            |       |     2 |     8 |       ||    10
       Potion            |       |       |     1 |       ||     1
  Eat: Chunk             |     2 |     3 |    18 |       ||    23
       Bread ration      |       |     1 |     3 |       ||     4
       Fruit             |       |     1 |     2 |       ||     3
Armor: Ring mail         |    38 |    45 |       |       ||    83
       Animal skin       |     1 |       |       |       ||     1
       Chain mail        |       |       |   189 |       ||   189
Dodge: Dodged            |    57 |    96 |   152 |     1 ||   306
Block: Shield            |       |       |    71 |       ||    71
       Rpst.: Scimitar   |       |       |     7 |       ||     7
